Map: King's Cove LE

Players

Tekno - Winner!

  • Race: Protoss Protoss
  • Spawn Location: 11:00

Zane

  • Race: Protoss Protoss
  • League: Silver
  • Spawn Location: 5:00

VOD

Have the link to the VOD?

Description

Time

  • Played on: June 7, 2019, 10:20 p.m.
  • Length: 11:12
Show
View Real Time Build Order
Export as new Build Order

Tekno Protoss - Winner!

Build Orders:  

Get SALT Encoding   

  12  0:00  Probe  
  13  0:13  Probe  
  14  0:18  Pylon  
  14  0:21  Probe  
  15  0:32  Probe  
  15  0:39  Gateway  
  16  0:44  Probe  
  16  0:49  Assimilator  
  17  0:56  Probe  
  18  0:58  Assimilator  
  18  1:08  Probe  
  19  1:20  Probe  
  20  1:27  Cybernetics Core  
  20  1:28  Probe  
  20  1:30  Pylon  
  21  1:36  Probe  
  21  1:46  Probe  
  23  1:58  Probe  
  24  2:04  Stargate  
  24  2:08  Warp Gate, Adept  
  26  2:10  Probe  
  27  2:35  Nexus  
  27  2:52  Fleet Beacon  
  27  2:56  Probe  
  28  3:03  Adept  
  30  3:08  Probe  
  31  3:15  Pylon  
  31  3:23  Tempest  
  31  3:25  Pylon  
  31  3:38  Probe  
  37  3:46  Pylon  
  37  3:47  Probe  
  38  3:53  Tempest  
  39  4:02  Probe  
  39  4:06  Probe  
  45  4:13  Forge  
  45  4:16  Probe  
  46  4:18  Probe  
  47  4:28  Probe  
  47  4:30  Probe  
  49  4:32  Gateway  
  49  4:35  Pylon  
  49  4:39  Pylon  
  49  4:44  Pylon  
  49  4:47  Tempest  
  54  5:11  Probe  
  54  5:12  Probe  
  51  5:15  Assimilator  
  51  5:16  Assimilator  
  51  5:18  Photon Cannon  
  51  5:24  Photon Cannon  
  51  5:26  Tempest  
  56  5:47  Stargate  
  56  6:02  Probe  
  51  6:04  Probe  
  51  6:05  Tempest  
  51  6:08  Twilight Council  
  51  6:10  Probe  
  53  6:16  Probe  
  60  6:19  Probe  
  61  6:28  Probe  
  61  6:32  Tempest  
  67  6:41  Tempest  
  67  6:53  Probe x2  
  74  7:05  Probe x2  
  76  7:08  Tempest  
  76  7:17  Probe  
  76  7:22  Stalker x2, Blink  
  81  7:30  Nexus  
  81  7:32  Protoss Air Weapons Level 1  
  81  7:33  Probe x2  
  81  7:35  Pylon  
  83  7:45  Probe  
  83  7:46  Stalker  
  83  7:48  Stalker  
  88  7:51  Protoss Shields Level 1  
  88  7:59  Photon Cannon  
  88  8:00  Photon Cannon  
  88  8:09  Tempest  
  93  8:19  Robotics Facility  
  93  8:21  Photon Cannon  
  93  8:29  Tempest  
  93  8:33  Pylon  
  98  8:39  Gateway  
  98  8:42  Gateway  
  98  8:45  Pylon  
  98  8:47  Pylon  
  98  8:52  Gateway  
  98  8:56  Probe x2  
  98  8:57  Probe  
  98  8:59  Tempest  
  101  9:03  Tempest  
  101  9:09  Warp Prism  
  113  9:29  Probe x2  
  115  9:33  Assimilator  
  115  9:34  Assimilator  
  115  9:42  Nexus  
  115  9:44  Pylon  
  115  10:00  Stalker x5  
  125  10:16  Probe  
  126  10:26  Stalker x2  
  126  10:27  Stalker x3  
  100  11:00  Stalker x3  
  100  11:01  Stalker  
Show
View Real Time Build Order
Export as new Build Order

Zane Protoss 

Build Orders:  

Get SALT Encoding   

  12  0:01  Probe  
  13  0:13  Probe  
  14  0:19  Pylon  
  14  0:23  Probe  
  15  0:37  Probe  
  15  0:39  Gateway  
  16  0:49  Probe  
  17  0:52  Assimilator  
  17  0:57  Assimilator  
  17  1:01  Probe  
  18  1:07  Pylon  
  18  1:13  Probe  
  19  1:26  Probe  
  19  1:28  Cybernetics Core, Zealot  
  20  1:38  Probe  
  23  1:50  Probe  
  24  1:56  Stalker  
  24  2:04  Stargate  
  26  2:14  Probe  
  27  2:26  Probe  
  30  2:42  Nexus  
  28  2:59  Fleet Beacon  
  28  3:08  Zealot  
  30  3:20  Probe  
  31  3:28  Twilight Council  
  31  3:38  Pylon  
  31  3:48  Pylon  
  31  3:54  Sentry, Probe x2  
  35  4:06  Probe x2  
  35  4:07  Tempest  
  35  4:09  Gateway  
  37  4:12  Gateway  
  42  4:25  Zealot  
  42  4:28  Charge  
  44  4:37  Assimilator  
  44  4:38  Probe  
  45  4:50  Probe  
  46  4:53  Phoenix  
  46  4:59  Stalker  
  45  5:22  Stargate  
  44  5:41  Tempest  
  42  5:45  Stalker  
  49  6:06  Stalker  
  51  6:14  Probe x2  
  51  6:15  Stalker  
  55  6:26  Probe x2  
  55  6:28  Tempest  
  62  6:44  Probe  
  61  6:47  Pylon  
  61  6:51  Pylon  
  61  6:55  Pylon  
  61  6:56  Probe  
  61  6:58  Pylon  
  62  7:05  Tempest  
  62  7:08  Probe  
  61  7:16  Phoenix  
  61  7:20  Probe  
  64  7:28  Assimilator  
  64  7:32  Probe  
  64  7:33  Probe  
  66  7:44  Probe  
  66  7:45  Probe  
  66  7:48  Phoenix  
  70  7:56  Probe  
  70  7:57  Probe  
  72  8:08  Probe  
  72  8:09  Probe  
  74  8:15  Nexus  
  74  8:18  Pylon x2, Assimilator  
  74  8:20  Pylon, Probe  
  74  8:21  Probe  
  74  8:22  Assimilator  
  76  8:28  Stalker  
  76  8:29  Stalker  
  80  8:36  Forge  
  80  8:38  Protoss Air Weapons Level 1  
  80  8:40  Forge  
  80  8:43  Tempest  
  80  8:44  Tempest  
  90  8:53  Stargate  
  90  8:58  Stalker  
  90  9:00  Zealot  
  94  9:09  Probe  
  96  9:10  Probe  
  96  9:16  Protoss Shields Level 1  
  96  9:21  Probe  
  96  9:22  Probe  
  98  9:27  Zealot  
  98  9:30  Tempest  
  105  9:44  Photon Cannon  
  105  9:46  Photon Cannon  
  105  9:48  Photon Cannon  
  105  9:49  Probe  
  105  9:50  Photon Cannon  
  105  9:52  Photon Cannon  
  106  9:54  Photon Cannon  
  106  9:56  Photon Cannon  
  106  9:59  Tempest  
  111  10:01  Probe  
  112  10:07  Tempest  
  112  10:13  Probe  
  118  10:25  Probe  
  95  10:37  Probe  
  82  10:47  Shield Battery  
Tags
 
League
Silver
Matchup
PvP
Spawn Locations
Cross Positions
Add a new tag
Caveats
  • Supply blocks, unpowered buildings, or Contaminate may cause inaccurate times.
  • Supply counts are checked every 10 seconds.